 Dungeon Crawl Stone Soup version 0.24-a0-504-gcfb02b9d07 (console) character file.

Game seed: 7466878666487861522

53 uchuhikoshi the Ruffian (level 3, 0/33 HPs)
             Began as a Ghoul Monk on July 17, 2019.
             Slain by an adder (4 damage)
             ... on level 2 of the Dungeon.
             The game lasted 00:21:09 (1764 turns).

uchuhikoshi the Ruffian (Ghoul Monk)                Turns: 1764, Time: 00:21:09

Health: 0/33       AC:  2    Str: 15    XL:     3   Next: 87%
Magic:  2/2        EV: 13    Int:  5    God:
Gold:   65         SH:  0    Dex: 11    Spells: 2/2 levels left

rFire    . . .     SeeInvis .     - Unarmed
rCold    + . .     Gourm    .   (no shield)
rNeg     + + +     Faith    .   a - +0 robe
rPois    ∞         Spirit   .   (no helmet)
rElec    .         Reflect  .   (no cloak)
rCorr    .         Harm     .   (no gloves)
MR       .....                  (no boots)
Stlth    ++........             (no amulet)
HPRegen  0.00/turn              (no ring)
MPRegen  0.08/turn              (no ring)

@: rotting
A: rotting body, claws 1, carnivore, cold resistance 1, negative energy
resistance 3, inhibited regeneration, torment resistance, unbreathing
a: no special abilities


You were on level 2 of the Dungeon.
You were not hungry.

You visited 1 branch of the dungeon, and saw 2 of its levels.

You collected 65 gold pieces.

Inventory:

Hand Weapons
 e - a +0 hunting sling
 h - a +0 hand axe
Armour
 a - a +0 robe (worn)
Scrolls
 f - 3 scrolls of teleportation {unknown}
 l - a scroll of magic mapping {unknown}
 m - a scroll of remove curse {unknown}
Potions
 c - 2 potions of heal wounds {unknown}
 d - a potion of ambrosia {unknown}
 g - a potion of haste {unknown}
Comestibles
 b - 4 rations
 j - a chunk of flesh


   Skills:
 + Level 3.8 Fighting
 + Level 3.3 Dodging
 + Level 2.8 Stealth
 + Level 3.8 Unarmed Combat


You had 2 spell levels left.
You didn't know any spells.
Your spell library was empty.

Dungeon Overview and Level Annotations

Branches:
Dungeon (2/15)

Altars:


Innate Abilities, Weirdness & Mutations

Your body is rotting away.
You thrive on raw meat.
You are immune to poison.
You have sharp fingernails.
You are carnivorous and can eat meat at any time.
Your flesh is cold resistant. (rC+)
You are immune to negative energy. (rN+++)
You do not regenerate when monsters are visible.
You are immune to unholy pain and torment.
You can survive without breathing.


Message History

A gnoll comes into view. It is wielding a +0 halberd.
The gnoll shouts! x2
You scratch the adder.
The adder is moderately wounded.
The jackal completely misses you. The adder bites you.
You scratch the adder but do no damage.
The adder is moderately wounded.
The jackal misses you. The gnoll closely misses you.
The adder barely misses you. The jackal completely misses you.
You barely miss the adder.
The adder is moderately wounded.
The adder closely misses you.
The gnoll hits you from afar with a +0 halberd of flaming!
* * * LOW HITPOINT WARNING * * *
The gnoll burns you.
* * * LOW HITPOINT WARNING * * *
The jackal bites you.
* * * LOW HITPOINT WARNING * * *
Eat one of 2 chunks of flesh? (ye/n/q)
You eat one of the 2 chunks of flesh.
This raw flesh tastes great!
The adder bites you.
You die...

##.......##.....#
#..........#....#..
.......÷.##.#.###.###
##.##.........# #...##
#.##.##.###### #.#..#
#.##.##.# #....#
#.......# #..#.##..
####.#### ###...g....
##.## #.@Sgg.# #...#
#h##r.#<#
#...########.# .##
#.........##.#...#
#...#####......#..
...........#.##.#.#.##
...........h)........
...........#.#.#..#.#
####...#####.#.#..#.#


You could see 3 gnolls, an adder, a jackal and a rat.

Vanquished Creatures
  An adder (D:2)
  An ooze (D:2)
  2 dart slugs (D:1)
  A leopard gecko (D:1)
  10 bats
  A giant cockroach (D:1)
  5 goblins
  6 hobgoblins
  A jackal (D:2)
  A quokka (D:2)
  A frilled lizard (D:2)
  2 rats (D:1)
32 creatures vanquished.

Notes
Turn   | Place    | Note
-------+----------+-------------------------------------------
     0 | D:1      | uchuhikoshi the Ghoul Monk began the quest for the Orb.
     0 | D:1      | Reached XP level 1. HP: 19/19 MP: 0/0
   411 | D:1      | Reached XP level 2. HP: 10/26 MP: 1/1
   832 | D:1      | Reached XP level 3. HP: 33/33 MP: 2/2
  1764 | D:2      | Slain by an adder

Levels and vault maps discovered:
D:1:      dpeg_arrival_chase, layout_basic, serial_bayou_lagoon_a
D:2:      layout_loops_cross, grunt_gozag_statues

Skill      XL: |  1  2 |
---------------+-------+-----
Dodging        | 3 |  3.3
Fighting       | |  3.8
Stealth        | |  2.8
Unarmed Combat | |  3.8

Action                   || total
-------------------------++-------
Melee: Club              ||    18
       Unarmed           ||   126
 Stab: Sleeping          ||     5
  Eat: Chunk             ||     9
       Ration            ||     1
Armor: Robe              ||    40
Dodge: Dodged            ||   147

Table legend:
 A = Non-vault XP
 B = Vault XP
 C = Vault XP percentage of total XP
 D = Non-vault monster count
 E = Vault monster count
 F = Vault count percentage of total count
                 A         B        C        D         E       F
            +---------+---------+-------+---------+---------+-------
      Total |      76 |       0 |   0.0 |      32 |       0 |   0.0
            +---------+---------+-------+---------+---------+-------
        D:1 |      44 |       0 |   0.0 |      23 |       0 |   0.0
        D:2 |      32 |       0 |   0.0 |       9 |       0 |   0.0
            +---------+---------+-------+---------+---------+-------
